 Dungeon Crawl Stone Soup version 0.18-a0-993-g4a3b7c7 (webtiles) character file.

36045 Ijustatesigmund the Basher (level 13, -2/163 HPs)
             Began as a Demonspawn Berserker on Jan 4, 2016.
             Was the Champion of Trog.
             Slain by an elephant (6 damage)
             ... on level 8 of the Lair of Beasts.
             The game lasted 01:02:17 (16478 turns).

Ijustatesigmund the Basher (Demonspawn Berserker)  Turns: 16478, Time: 01:02:18

Health: -2/163     AC: 14    Str: 26    XL:     13   Next: 50%
Magic:  0/13       EV: 14    Int:  8    God:    Trog [******]
Gold:   746        SH: 14    Dex: 16    Spells: 0 memorised, 12 levels left

rFire  + + +     SeeInvis .     Q - +2 morningstar
rCold  . . .     Gourm    .     L - +2 leather armour {rF+}
rNeg   . . .     Faith    +     n - +2 shield
rPois  .         Spirit   +     f - +0 helmet
rElec  .         Dismiss  .     g - +1 cloak "Gacimimp" {*Corrode rF+ Str+3}
rCorr  .         Reflect  .     E - +0 pair of gloves
SustAt .         Harm     .     r - +0 pair of boots
MR     +....                    W - amulet of faith
Stlth  ..........               p - ring of protection from fire
                                J - ring of protection from magic

@: berserking (expiring), lethally poisoned (-2 -> -2), corroded equipment,
slowed, somewhat resistant to hostile enchantments, extremely unstealthy
A: claws 2, rough black scales 2, powered by death 2, magic shield
a: Berserk, Trog's Hand, Brothers in Arms, Burn Spellbooks, Renounce Religion


You were on level 8 of the Lair of Beasts.
You worshipped Trog.
Trog was exalted by your worship.
You were hungry.

You visited 2 branches of the dungeon, and saw 17 of its levels.

You collected 879 gold pieces.
You spent 133 gold pieces at shops.

Inventory:

Hand Weapons
 F - the +9 spear "Hockyc" {flame, rC+}
   (You found it on level 6 of the Dungeon)

   It has been specially enchanted to burn those struck by it, causing extra
   injury to most foes and up to half again as much damage against particularly
   susceptible opponents.
   It protects you from cold.
 Q - a +2 morningstar (weapon)
 Y - the +5 war axe "Souh" {distort, Int+6 Dex+4 Stlth-, unknown}
   (You found it on level 7 of the Lair of Beasts)

   It warps and distorts space around it.
   Unwielding it can cause banishment or high damage.
   It affects your intelligence (+6).
   It affects your dexterity (+4).
   It makes you less stealthy.
Missiles
 a - 7 curare-tipped needles
 N - 15 tomahawks (quivered)
Armour
 f - a +0 helmet (worn)
 g - the +1 cloak "Gacimimp" (worn) {*Corrode rF+ Str+3}
   (You found it on level 2 of the Lair of Beasts)

   It affects your strength (+3).
   It protects you from fire.
   It may corrode your equipment when you take damage.
 n - a +2 shield (worn)
 r - a +0 pair of boots (worn)
 E - a +0 pair of gloves (worn)
 L - a +2 leather armour of fire resistance (worn)
 T - the +1 ring mail of the Dungeon {rF- Str+7 Stlth+}
   (You found it on level 1 of the Lair of Beasts)

   It affects your strength (+7).
   It makes you vulnerable to fire.
   It makes you more stealthy.
Jewellery
 i - an uncursed ring of ice
 k - an uncursed ring of teleportation
 p - a ring of protection from fire (right hand)
 w - a +1 ring of protection
 B - an uncursed amulet of resist corrosion
 J - a ring of protection from magic (left hand)
 W - an amulet of faith (around neck)
 X - an uncursed ring of ice
Wands
 m - a wand of polymorph (10/24)
 o - a wand of digging (8/24)
 q - a wand of teleportation (4/9)
 D - a wand of fire (5/15)
 K - a wand of paralysis (11/24)
 M - a wand of frost (12/48)
 S - a wand of magic darts (7/48)
 U - a wand of random effects (23/48)
 V - a wand of digging (0/24)
Scrolls
 x - 3 scrolls of magic mapping
 y - 4 scrolls of identify
 z - 6 scrolls of remove curse
 A - 2 scrolls of fog
 G - a scroll of fear
 H - a scroll of immolation {unknown}
 R - 2 scrolls of enchant armour {unknown}
Potions
 b - a potion of magic
 d - a potion of invisibility {unknown}
 e - 4 potions of haste
 j - 2 potions of agility
 l - a potion of flight
 s - 5 potions of brilliance
 t - 2 potions of berserk rage
 v - 2 potions of might
 P - 4 potions of curing
Books
 O - a book of Party Tricks

   Spells                             Type                      Level
   a - Summon Butterflies             Summoning                    1
   b - Apportation                    Translocation                1
   c - Tukima's Dance                 Hexes                        3
   d - Alistair's Intoxication        Transmutation/Poison         4
   e - Invisibility                   Hexes                        6
   Trog disapproves of the use of such an item.
Comestibles
 c - 6 bread rations
 u - 2 meat rations
 C - 22 fruits


   Skills:
 + Level 12.3 Fighting
 + Level 14.3 Maces & Flails
 - Level 6.1 Armour
 - Level 6.1 Dodging
 + Level 7.9 Shields


You had 12 spell levels left.
You didn't know any spells.

Dungeon Overview and Level Annotations

Branches:
Dungeon (9/15)             Temple (0/1) D:4            Lair (8/8) D:8
 Shoals (0/4) Lair:3       Spider (0/4) Lair:5        Slime (0/6) Lair:7
    Orc: D:9-12

Altars:
Ashenzari
Dithmenos
Gozag
Nemelex Xobeh
Qazlal
Ru
Trog
Xom
Yredelemnul
Zin
The Shining One

Shops:
D:5 *   D:6 :[

Annotations:
Lair:2 exclusion: oklob plant


Innate Abilities, Weirdness & Mutations

You have very sharp fingernails.
You are mostly covered in rough black scales (AC +7, Dex -2).
You regenerate health from kills.
When hurt, damage is shared between your health and your magic reserves.


Message History

Unknown command.
You are too berserk!
You are too berserk!
You puncture the adder!
The adder is severely wounded.
You feel sick. The wasp misses you. You block the adder's attack.
You block the elephant's attack. The elephant misses you.
The elephant tramples you.
* * * LOW HITPOINT WARNING * * *
You hold your ground!
You block the elephant's attack. The wasp barely misses you.
You impale the adder!!
You kill the adder!
Trog accepts your kill.
You feel sick.
The elephant tramples you but does no damage.
The elephant closely misses you. The wasp closely misses you.
You block the elephant's attack. x2
The elephant tramples you!
You die...
PP

... ...P
#..PP
##....
###?r..
###YSy#
#..Y@#
#....Y##
#P....##
#P...#
#.P.#
...P#
.... ...


You could see 3 elephants, a wasp, an adder and a river rat.

Vanquished Creatures
  A hydra (Lair:8)
  A death yak (Lair:7)
  An orb spider (Lair:5)
  2 griffons
  3 black mambas
  19 elephants
  The ghost of Duffy the Cudgeler, a novice VSFi (D:5)
  12 spiny frogs
  8 komodo dragons
  A fire drake (Lair:6)
  A merfolk (Lair:3)
  10 blink frogs
  4 slime creatures (Lair:7)
  A boulder beetle (Lair:5)
  Prince Ribbit (D:8)
  24 yaks
  A basilisk (Lair:7)
  8 hippogriffs
  Edmund (D:6)
  20 wolves
  Menkaure (D:6)
  21 water moccasins
  13 porcupines
  An ice beast (D:8)
  3 orc warriors
  A wasp (Lair:8)
  2 black bears
  3 sky beasts
  An eye of draining (D:8)
  A necrophage (D:5)
  A phantom (D:6)
  2 ogres
  3 centaurs
  11 crocodiles
  16 giant frogs
  A big kobold (D:7)
  3 scorpions
  5 killer bees (D:9)
  An electric eel (Lair:3)
  3 wights (D:6)
  A centaur zombie (D:7)
  3 crimson imps
  6 orc priests
  3 jellies
  9 orc wizards
  3 hounds
  3 giant frog skeletons
  A gnoll shaman (D:7)
  9 iguanas
  Ijyb (D:3)
  Natasha (thrice) (D:3)
  4 worker ants
  13 sheep
  A hound skeleton (D:8)
  2 worker ant zombies
  12 adders
  10 gnolls
  55 river rats
  An ooze (D:1)
  A worm (D:3)
  9 giant geckos
  31 orcs
  2 ball pythons
  16 bats
  5 giant cockroaches
  6 hobgoblins
  11 jackals
  12 kobolds
  4 quokkas
  A giant gecko skeleton (D:4)
  5 giant newts
  9 goblins
  2 quokka skeletons (D:4)
  12 rats
479 creatures vanquished.

Vanquished Creatures (others)
  A water moccasin (Lair:5)
  9 fungi
  6 plants
16 creatures vanquished.

Grand Total: 495 creatures vanquished

Notes
Turn   | Place    | Note
--------------------------------------------------------------
     0 | D:1      | Ijustatesigmund the Demonspawn Berserker began the quest for the Orb.
     0 | D:1      | Reached XP level 1. HP: 18/18 MP: 1/1
   261 | D:1      | Gained mutation: You are partially covered in rough black scales (AC +4, Dex -1). [demonic ancestry]
   261 | D:1      | Reached XP level 2. HP: 12/24 MP: 2/2
  1072 | D:1      | Reached XP level 3. HP: 18/29 MP: 3/3
  2035 | D:2      | Gained mutation: You have sharp fingernails. [demonic ancestry]
  2035 | D:2      | Reached XP level 4. HP: 35/37 MP: 4/4
  2039 | D:2      | Reached ** piety under Trog
  2039 | D:2      | Reached skill level 4 in Fighting
  2079 | D:2      | Found a bloodstained altar of Trog.
  2192 | D:2      | You fall through a shaft!
  2220 | D:3      | Noticed Natasha
  2242 | D:3      | Killed Natasha
  2545 | D:3      | Noticed Natasha
  2559 | D:3      | Killed Natasha
  2559 | D:3      | Reached XP level 5. HP: 36/43 MP: 5/5
  2576 | D:3      | Noticed Natasha
  2588 | D:3      | Killed Natasha
  2690 | D:3      | Noticed Ijyb
  2970 | D:3      | Killed Ijyb
  3027 | D:3      | Reached skill level 5 in Fighting
  3329 | D:4      | Got an iridescent quarterstaff
  3393 | D:4      | Found a staircase to the Ecumenical Temple.
  3581 | D:4      | Gained mutation: When hurt, damage is shared between your health and your magic reserves. [demonic ancestry]
  3581 | D:4      | Reached XP level 6. HP: 40/51 MP: 6/6
  3743 | D:4      | Found a shimmering altar of Xom.
  3756 | D:4      | Reached skill level 5 in Maces & Flails
  4097 | D:5      | Entered Level 5 of the Dungeon
  4245 | D:5      | Found a glowing golden altar of the Shining One.
  4410 | D:5      | Found a stormy altar of Qazlal.
  4466 | D:5      | Gained mutation: You regenerate a little health from kills. [demonic ancestry]
  4466 | D:5      | Reached XP level 7. HP: 41/56 MP: 5/7
  4542 | D:5      | Found Heoxof's Humungous Hoard.
  4547 | D:5      | Bought a +0 helmet for 63 gold pieces
  4547 | D:5      | Bought a potion of heal wounds for 70 gold pieces
  4813 | D:5      | Noticed Duffy's ghost (novice VSFi)
  4831 | D:5      | Killed Duffy's ghost
  4831 | D:5      | Reached skill level 6 in Fighting
  4890 | D:5      | Reached XP level 8. HP: 62/64 MP: 6/8
  4998 | D:6      | Reached *** piety under Trog
  5075 | D:6      | Found Vuc Zeu's Armour Boutique.
  5124 | D:6      | Reached skill level 7 in Maces & Flails
  5277 | D:6      | Noticed Menkaure
  5278 | D:6      | Found Nueschul's Distillery.
  5287 | D:6      | Killed Menkaure
  5357 | D:6      | Noticed Edmund
  5371 | D:6      | Killed Edmund
  5428 | D:6      | Got a faintly glowing quarterstaff
  5429 | D:6      | Identified the cursed +1 quarterstaff of Tybbuefu {elec, rC+ Int+4} (You found it on level 6 of the Dungeon)
  5454 | D:6      | Found Timaucw's Armour Boutique.
  5538 | D:6      | Found a sacrificial altar of Ru.
  5550 | D:6      | Found Fefomex's Book Emporium.
  5588 | D:6      | Reached skill level 8 in Maces & Flails
  5650 | D:6      | Got a bloodstained spear
  5652 | D:6      | Identified the +9 spear "Hockyc" {flame, rC+} (You found it on level 6 of the Dungeon)
  5959 | D:7      | Found a sparkling altar of Nemelex Xobeh.
  6076 | D:7      | Gained mutation: You regenerate health from kills. [demonic ancestry]
  6076 | D:7      | Reached XP level 9. HP: 72/72 MP: 9/9
  6345 | D:7      | Reached **** piety under Trog
  6345 | D:7      | Reached skill level 9 in Maces & Flails
  6367 | D:7      | Received a gift from Trog
  6818 | D:7      | Found a glowing silver altar of Zin.
  7305 | D:8      | Received a gift from Trog
  7338 | D:8      | Reached skill level 10 in Maces & Flails
  7391 | D:8      | Reached XP level 10. HP: 34/80 MP: 2/10
  7412 | D:8      | Noticed Prince Ribbit
  7470 | D:8      | Found an opulent altar of Gozag.
  7507 | D:8      | Found a staircase to the Lair.
  7568 | D:8      | Killed Prince Ribbit
  7675 | D:8      | Found a shadowy altar of Dithmenos.
  7690 | D:8      | Found a basalt altar of Yredelemnul.
  7972 | D:9      | Received a gift from Trog
  8054 | D:9      | Found a shattered altar of Ashenzari.
  8383 | Lair:1   | Entered Level 1 of the Lair of Beasts
  8394 | Lair:1   | Reached skill level 5 in Armour
  8432 | Lair:1   | Noticed a spiny frog
  8443 | Lair:1   | Killed a spiny frog
  8443 | Lair:1   | Reached skill level 5 in Dodging
  8489 | Lair:1   | Got a faintly humming ring mail
  8525 | Lair:1   | Identified the cursed +1 ring mail of the Dungeon {rF- Str+7 Stlth+} (You found it on level 1 of the Lair of Beasts)
  8625 | Lair:1   | Noticed a black mamba
  8643 | Lair:1   | Killed a black mamba
  8962 | Lair:1   | Reached skill level 11 in Maces & Flails
  8965 | Lair:1   | Noticed a spiny frog
  8974 | Lair:1   | Killed a spiny frog
  9109 | Lair:1   | Noticed a spiny frog
  9115 | Lair:1   | Killed a spiny frog
  9359 | Lair:1   | Reached ***** piety under Trog
  9384 | Lair:1   | Noticed a spiny frog
  9393 | Lair:1   | Killed a spiny frog
  9695 | Lair:2   | Gained mutation: You have very sharp fingernails. [demonic ancestry]
  9695 | Lair:2   | Reached XP level 11. HP: 64/86 MP: 6/11
  9952 | Lair:2   | Noticed an oklob plant
 10034 | Lair:2   | Got a smoking cloak
 10040 | Lair:2   | Identified the +1 cloak "Gacimimp" {*Corrode rF+ Str+3} (You found it on level 2 of the Lair of Beasts)
 10504 | Lair:3   | Reached skill level 12 in Maces & Flails
 11266 | Lair:3   | Found a staircase to the Shoals.
 11606 | Lair:4   | Received a gift from Trog
 11804 | Lair:4   | Reached skill level 1 in Shields
 12211 | Lair:4   | Reached skill level 10 in Fighting
 12355 | Lair:4   | Gained mutation: You are mostly covered in rough black scales (AC +7, Dex -2). [demonic ancestry]
 12355 | Lair:4   | Reached XP level 12. HP: 84/97 MP: 9/12
 13295 | Lair:5   | Reached skill level 13 in Maces & Flails
 13488 | Lair:5   | Reached skill level 5 in Shields
 13627 | Lair:5   | Found a hole to the Spider Nest.
 14592 | Lair:6   | Reached ****** piety under Trog
 15022 | Lair:6   | Received a gift from Trog
 15243 | Lair:7   | Got an ichor-stained war axe
 15407 | Lair:7   | Reached XP level 13. HP: 107/107 MP: 13/13
 15431 | Lair:7   | Found a staircase to the Slime Pits.
 15961 | Lair:7   | Reached skill level 14 in Maces & Flails
 16099 | Lair:7   | Received a gift from Trog
 16404 | Lair:8   | Entered Level 8 of the Lair of Beasts
 16471 | Lair:8   | Paralysed by a wasp for 3 turns
 16473 | Lair:8   | HP: 8/163 [elephant (9)]
 16477 | Lair:8   | HP: 3/163 [elephant (2)]
 16478 | Lair:8   | Slain by an elephant

Vault maps used:
D:1:      dpeg_arrival_connections
D:2:      grunt_temple_overflow_open, trog_butcher_becter, uniq_jessica
D:3:      first_bread, uniq_iyjb, uniq_natasha
D:4:      nicolae_overflow_crystal_walls, minmay_temple_entry_overgrown
D:5:      tso_metal_star, nicolae_qazlal_general_emergency,
          nicolae_alphabet_shops
D:6:      lemuel_crystal_altar, serial_shops, shop, shop, shop, shop,
          uniq_edmund, uniq_menkaure
D:7:      nemelex_xobeh_ov_fountains_minmay, kennysheep_little_box
D:8:      grunt_gozag_statues, amethyst_overflow_temple_binary,
          grunt_lair_entry_orc_guard_hut, uniq_prince_ribbit1
D:9:      lemuel_round_altar
Lair:2:   minmay_lair_oklob_chamber, serial_bayou_pond_d, st_stairs_4
Lair:3:   elwin_shoals_entry_rooms, nicolae_quartered_pool_super
Lair:4:   beast_lair_carwin_6, grunt_megastairs_2
Lair:5:   nicolae_spider_entry_orb_guardian, serial_bayou_shore_b,
          grunt_megastairs_1, serial_bayou_shore_b
Lair:7:   minmay_slime_entry_pillars, st_stairs_5, lemuel_fruit_fields,
          serial_bayou_shore_a
Lair:8:   hangedman_lair_tendril_chambers, guppyfry_lair_end_dragon, pond,
          grunt_megastairs_3

Action                   |  1- 3 |  4- 6 |  7- 9 | 10-12 | 13-15 || total
-------------------------+-------+-------+-------+-------+-------++-------
Melee: Mace              |   152 |   192 |       |       |       ||   344
       Flail             |       |    73 |   177 |       |       ||   250
       Spear             |       |       |    24 |       |       ||    24
       Quarterstaff      |       |       |    19 |       |       ||    19
       Dire flail        |       |       |   279 |   425 |       ||   704
       Morningstar       |       |       |       |   802 |   381 ||  1183
Throw: Tomahawk          |       |       |       |     9 |       ||     9
Invok: Trog's Hand       |       |     4 |     3 |     3 |     2 ||    12
       Berserk           |       |     3 |     5 |     3 |     1 ||    12
       Burn Spellbooks   |       |       |     1 |     2 |       ||     3
Evoke: Wand              |       |       |       |     5 |       ||     5
  Use: Scroll            |     6 |     4 |     5 |    18 |     3 ||    36
       Potion            |       |       |       |     1 |       ||     1
 Stab: Sleeping          |       |     3 |       |     3 |     1 ||     7
       Paralysed         |       |       |       |     2 |       ||     2
       Distracted        |       |       |       |     1 |       ||     1
  Eat: Chunk             |     2 |     9 |     8 |    22 |     3 ||    44
       Beef jerky        |     1 |       |       |     2 |     1 ||     4
       Pizza             |       |     1 |       |     2 |       ||     3
       Fruit             |       |     2 |     4 |       |       ||     6
       Royal jelly       |       |       |     1 |       |       ||     1
       Bread ration      |       |       |       |     1 |       ||     1
